Map: Acid Plant LE

Players

BlackOps - Winner!

  • Race: Terran Terran
  • Spawn Location: 5:00

Kozzy

  • Race: Protoss Protoss
  • League: Gold
  • Spawn Location: 11:00

VOD

Have the link to the VOD?

Description

Time

  • Played on: April 3, 2018, 10:55 p.m.
  • Length: 19:02
Show
View Real Time Build Order
Export as new Build Order

BlackOps Terran - Winner!

Build Orders:  

Get SALT Encoding   

  12  0:01  SCV  
  13  0:14  SCV  
  14  0:22  Supply Depot  
  15  0:32  Refinery  
  15  0:33  SCV  
  15  0:45  Barracks, SCV  
  16  0:58  SCV  
  16  0:59  Refinery  
  17  1:10  SCV  
  18  1:22  SCV  
  19  1:34  SCV  
  20  1:48  Orbital Command  
  20  1:50  Supply Depot, Reaper  
  21  2:10  Factory  
  22  2:22  Reaper  
  22  2:36  SCV  
  23  2:48  SCV  
  24  2:54  Marine  
  24  2:57  Factory Tech Lab  
  25  3:00  SCV  
  26  3:11  Starport  
  26  3:12  Marine, SCV  
  28  3:24  SCV  
  29  3:30  Command Center  
  29  3:36  Starport  
  28  3:50  Starport Tech Lab  
  27  3:59  Siege Tank  
  27  4:01  Marine  
  31  4:09  Armory  
  31  4:15  Starport Tech Lab  
  31  4:23  Barracks Tech Lab  
  31  4:24  Refinery  
  31  4:38  Supply Depot, Siege Tank  
  34  4:40  Supply Depot  
  34  4:43  Combat Shields  
  34  4:58  Banshee  
  37  5:01  Marine  
  37  5:05  Orbital Command  
  38  5:07  SCV  
  39  5:19  Marine, SCV  
  41  5:21  Banshee  
  41  5:23  Cloaking Field  
  41  5:28  Terran Ship Weapons Level 1  
  44  5:31  SCV  
  42  5:37  Marine  
  43  5:43  SCV  
  43  5:47  SCV  
  45  5:54  Marine  
  45  5:55  SCV  
  47  5:59  SCV  
  48  6:07  SCV  
  48  6:09  Hyperflight Rotors  
  48  6:10  Banshee  
  48  6:11  SCV  
  53  6:12  Marine  
  51  6:20  SCV  
  51  6:23  SCV  
  33  6:57  Banshee  
  35  7:01  SCV  
  35  7:02  SCV  
  35  7:07  Siege Tank  
  39  7:13  SCV  
  39  7:14  SCV  
  41  7:19  Banshee  
  41  7:23  Marine  
  41  7:25  SCV  
  41  7:26  SCV  
  44  7:37  SCV  
  44  7:38  SCV  
  44  7:39  Siege Tank  
  44  7:41  Marine  
  50  7:48  Banshee  
  50  7:49  SCV  
  50  7:50  SCV  
  55  7:59  Marine  
  56  8:14  Banshee  
  56  8:17  Marine  
  60  8:35  Marine  
  60  8:37  Terran Vehicle And Ship Armor Level 1  
  61  8:53  Viking  
  63  8:57  Viking  
  63  9:00  Supply Depot  
  63  9:02  Supply Depot  
  65  9:18  Refinery  
  65  9:23  Viking  
  67  9:27  Viking  
  62  10:05  Marine  
  63  10:13  Barracks  
  63  10:20  SCV x2  
  65  10:22  Marine  
  63  10:33  SCV x2  
  56  10:40  Marine  
  57  10:45  SCV x2  
  57  10:57  SCV x2  
  57  10:58  Marine  
  59  11:09  SCV x2  
  56  11:16  Marine, Banshee x2  
  62  11:22  Barracks Reactor  
  59  11:32  Siege Tank  
  56  12:00  Marine x3  
  60  12:04  Siege Tank  
  49  12:18  Marine x3  
  46  12:35  Marine  
  46  12:36  Marine x2, Medivac x2  
  40  12:53  Marine  
  40  12:54  Marine x2  
  40  12:56  Siege Tank  
  43  13:06  Medivac x2  
  43  13:11  Marine x2  
  43  13:12  Marine  
  50  13:23  Stimpack  
  50  13:26  Engineering Bay  
  50  13:27  Command Center, Engineering Bay  
  50  13:28  Siege Tank  
  50  13:29  Marine x3  
  54  13:35  Command Center  
  54  13:47  Marine x3  
  56  14:00  Command Center  
  56  14:04  Marine  
  56  14:05  Marine x2  
  59  14:13  Viking x2  
  59  14:14  Orbital Command  
  63  14:23  Marine  
  64  14:29  Refinery  
  64  14:33  Terran Infantry Weapons Level 1, Terran Infantry Armor Level 1  
  64  14:45  Marine x2  
  66  14:48  SCV x2  
  68  14:56  Raven  
  70  15:00  SCV x2  
  70  15:03  Marine  
  72  15:12  SCV x2  
  68  15:24  SCV x2  
  67  15:56  SCV x2  
  69  15:58  Marine x3  
  72  16:08  SCV x2  
  74  16:16  Marine x3  
  77  16:33  Marine  
  77  16:34  Marine x2  
  77  16:37  Terran Infantry Armor Level 2, Terran Infantry Weapons Level 2  
  80  16:51  Marine x2  
  80  16:52  Marine  
  80  16:53  Command Center  
  83  17:09  Marine  
  84  17:45  Marine x3  
  87  18:03  Marine x3  
  90  18:16  SCV x2  
  92  18:28  SCV x2  
  94  18:40  SCV x2  
Show
View Real Time Build Order
Export as new Build Order

Kozzy Protoss 

Build Orders:  

Get SALT Encoding   

  12  0:01  Probe  
  13  0:13  Probe  
  14  0:18  Pylon  
  14  0:25  Probe  
  15  0:37  Probe (Chrono Boost)  
  15  0:38  Gateway  
  16  0:49  Probe (Chrono Boost)  
  17  0:54  Probe (Chrono Boost), Assimilator  
  18  0:59  Assimilator  
  18  1:03  Probe  
  19  1:15  Probe  
  20  1:27  Probe  
  21  1:46  Pylon  
  21  1:49  Cybernetics Core  
  21  1:52  Pylon  
  21  1:58  Probe (Chrono Boost)  
  22  2:07  Forge  
  23  2:09  Probe (Chrono Boost), Pylon  
  23  2:30  Stalker  
  23  2:31  Warp Gate  
  23  2:34  Gateway  
  25  2:39  Shield Battery  
  25  2:47  Pylon  
  25  2:50  Protoss Ground Weapons Level 1 (Chrono Boost)  
  25  3:03  Gateway  
  25  3:06  Stalker (Chrono Boost)  
  27  3:27  Stalker  
  29  3:34  Stalker  
  31  3:45  Probe  
  32  3:53  Pylon  
  34  4:07  Photon Cannon  
  34  4:12  Gateway  
  34  4:17  Pylon  
  32  4:37  Stalker x3  
  38  5:00  Stalker x3  
  44  5:19  Stalker  
  44  5:20  Twilight Council  
  46  5:24  Pylon  
  34  5:40  Stalker x2  
  34  5:41  Stalker  
  38  5:48  Stalker  
  40  6:04  Stalker  
  40  6:05  Stalker  
  32  6:55  Blink (Chrono Boost)  
  32  6:58  Photon Cannon, Shield Battery  
  28  7:03  Stalker x3  
  28  7:04  Stalker  
  32  7:16  Pylon  
  32  7:25  Robotics Facility  
  32  7:30  Stalker  
  34  7:38  Stalker  
  36  7:44  Protoss Ground Weapons Level 2 (Chrono Boost)  
  36  8:00  Stalker  
  38  8:06  Stalker  
  40  8:16  Observer  
  41  8:28  Stalker x2  
  45  8:43  Observer  
  45  8:47  Stalker  
  48  8:53  Stalker  
  50  9:06  Stalker  
  52  9:12  Observer  
  52  9:15  Observer  
  53  9:20  Stalker  
  55  9:38  Observer  
  53  10:13  Stalker x4  
  44  10:37  Stalker  
  44  10:39  Observer  
  39  11:04  Stalker x2  
  41  11:10  Observer  
  41  11:23  Stalker x2  
  43  12:11  Observer  
  43  12:13  Stalker x4  
  29  12:55  Stalker x3  
  35  13:04  Stalker  
  37  13:22  Observer  
  38  13:42  Observer  
  38  13:52  Stalker x3  
  44  13:56  Stalker  
  46  14:50  Nexus  
  35  15:47  Photon Cannon  
  35  15:48  Pylon  
  32  15:57  Shield Battery  
  31  16:12  Observer (Chrono Boost)  
  32  16:24  Pylon  
  32  16:25  Assimilator  
  32  16:26  Observer (Chrono Boost)  
  32  16:27  Stalker  
  35  16:40  Stalker  
  35  16:42  Stalker  
  35  16:45  Observer  
  40  16:48  Assimilator  
  40  16:54  Photon Cannon  
  40  17:03  Shield Battery  
  40  17:09  Stalker  
  42  17:25  Stalker x2  
  46  17:34  Stalker  
  48  17:59  Robotics Bay  
  47  18:08  Observer  
  47  18:10  Stalker, Observer  
  49  18:13  Stalker  
  51  18:20  Shield Battery  
  50  18:37  Stalker  
  50  18:38  Stalker  
  29  18:59  Zealot x2  
Tags
 
League
Gold
Matchup
PvT
Spawn Locations
Cross Positions
Add a new tag
Caveats
  • Supply blocks, unpowered buildings, or Contaminate may cause inaccurate times.
  • Supply counts are checked every 10 seconds.